 Dungeon Sprint DCSS version 0.26-a0-708-g17f3b190f9 (webtiles) character file.

Game seed: 12015800458697067779

98026 olmar the Minotaur Barricade (level 15, -10/152 HPs)
             Began as a Minotaur Fighter on Oct 29, 2020.
             Was an Initiate of Gozag.
             Killed from afar by Vuopubilu the pandemonium lord (88 damage)
             ... with a lance of force
             ... in the Dungeon (Sprint V: "Ziggurat Sprint").
             The game lasted 00:14:44 (1628 turns).

olmar the Minotaur Barricade (Minotaur Fighter)     Turns: 1628, Time: 00:14:45

Health: -10/152    AC: 36    Str: 35    XL:     15   Next: 73%
Magic:  14/14      EV: 12    Int:  5    God:    Gozag
Gold:   4858       SH: 39    Dex: 23    Spells: 14/14 levels left

rFire    + . .     SeeInvis .   G - +10 lance "Wyrmbane" {slay drac, rPois rF+ rC+ AC+3}
rCold    + . .     Faith    .   I - +18 shield of the Gong {rElec rN+ MR+ EV-5}
rNeg     + + .     Spirit   .   H - +15 Maxwell's patent armour {-Cast -Tele rElec MR+ rCorr}
rPois    +         Reflect  .   Q - +1 hat
rElec    +         Harm     +   W - scarf {harm}
rCorr    +         Rampage  .   M - +0 pair of fencer's gloves {Riposte Dex+3}
MR       +++++     Clarity  +   O - +0 pair of boots "Ymekiy" {Str+3 Slay+3} Stlth ..........NoTele +
                                K - amulet of the Four Winds {rN+ MR+++ Clar}
HPRegen  0.35/turn NoCast   +   D - +6 ring of strength
MPRegen  0.14/turn              L - ring of Lies {EV+4 Dex+9}

@: sap magic
A: retaliatory headbutt, horns 2, deformed body
a: Potion Petition, Call Merchant, Bribe Branch, Renounce Religion


You were in the Dungeon.
You worshipped Gozag.
Gozag was most pleased with you.
You visited 1 branch You collected 12114 gold pieces.
You spent 1990 gold pieces at shops.
You paid 5266 gold pieces to Gozag.

Inventory:

Hand Weapons
 G - the +10 lance "Wyrmbane" (weapon) {slay drac, rPois rF+ rC+ AC+3}
   (You found it in the Dungeon)

   It affects your AC (+3).
   It protects you from fire.
   It protects you from cold.
   It protects you from poison.
Armour
 H - the +15 Maxwell's patent armour (worn) {-Cast -Tele rElec MR+ rCorr}
   (You found it in the Dungeon)

   It insulates you from electricity.
   It affects your resistance to hostile enchantments.
   It prevents spellcasting.
   It prevents most forms of teleportation.
   It provides partial protection from all sources of acid and corrosion.
 I - the +18 shield of the Gong (worn) {rElec rN+ MR+ EV-5}
   (You found it in the Dungeon)

   It affects your evasion (-5).
   It insulates you from electricity.
   It protects you from negative energy.
   It affects your resistance to hostile enchantments.
 M - the +0 pair of fencer's gloves (worn) {Riposte Dex+3}
   (You found it in the Dungeon)

   It affects your dexterity (+3).
 O - the +0 pair of boots "Ymekiy" (worn) {Str+3 Slay+3}
   (You bought it in a shop in the Dungeon)

   It affects your strength (+3).
   It affects your accuracy and damage with ranged weapons and melee attacks
   (+3).
 P - a +0 cloak of poison resistance
 Q - a +1 hat (worn)
 W - a scarf of harm (worn)
Jewellery
 c - the ring "Norgh" {Wiz +Fly rPois MP-9 Int+8}
   (You took it off a deep elf annihilator in the Dungeon)

   [ring of wizardry]

   It improves your spell success rate.
   It affects your intelligence (+8).
   It protects you from poison.
   It affects your magic capacity (-9).
   It lets you fly.
 y - an uncursed ring of flight
 z - a +6 ring of dexterity
 A - a +6 ring of dexterity
 B - a +6 ring of intelligence
 C - a +6 ring of intelligence
 D - a +6 ring of strength (left hand)
 E - a +6 ring of strength
 K - the amulet of the Four Winds (around neck) {rN+ MR+++ Clar}
   (You found it in the Dungeon)

   [amulet of nothing]

   It protects you from negative energy.
   It affects your resistance to hostile enchantments.
   It protects you against confusion.
 L - the ring of Lies (right hand) {EV+4 Dex+9}
   (You found it in the Dungeon)

   [ring of evasion]

   It affects your evasion (+4).
   It affects your dexterity (+9).
 N - an uncursed amulet of the acrobat
 U - a +4 ring of protection
 V - the ring "Xunup" {rC+ Str+2 SInv Stlth-}
   (You found it in the Dungeon)

   [ring of see invisible]

   It affects your strength (+2).
   It protects you from cold.
   It lets you see invisible.
   It makes you less stealthy.
Wands
 v - a wand of disintegration (7)
 w - a wand of iceblast (10)
 x - a wand of acid (12)
Scrolls
 j - 5 scrolls of blinking
 p - 4 scrolls of amnesia
 q - 6 scrolls of fog
 r - a scroll of holy word
 s - 7 scrolls of identify
 t - 5 scrolls of remove curse
 u - 2 scrolls of fear
 J - 3 scrolls of brand weapon
 R - a scroll of enchant armour
 S - a scroll of silence
 T - 2 scrolls of summoning
Potions
 d - 4 potions of might
 e - 4 potions of curing
 g - 8 potions of haste
 h - 7 potions of magic
 i - 3 potions of berserk rage
 k - 2 potions of brilliance
 l - a potion of invisibility
 m - 2 potions of resistance
 o - 5 potions of stabbing
Miscellaneous
 a - a box of beasts (inert)
 b - a tin of tremorstones (3/3)
 f - a condenser vane (1/2)
 n - a phantom mirror
 F - a lightning rod (4/4)


   Skills:
 + Level 19.5 Fighting
 + Level 15.3 Polearms
 + Level 19.6 Armour
 + Level 5.5 Dodging
 - Level 7.8 Stealth
 O Level 27 Shields
 + Level 20.2 Evocations


You had 14 spell levels left.
You didn't know any spells.
Your spell library was empty.

Dungeon Overview and Level Annotations

Branches:
Dungeon (1/1)

Altars:
Ashenzari
Cheibriados
Dithmenos
Elyvilon
Fedhas
Gozag
Hepliaklqana
Kikubaaqudgha
Makhleb
Nemelex Xobeh
Okawaru
Qazlal
Ru
Sif Muna
Trog
Uskayaw
Vehumet
Wu Jian
Xom
Yredelemnul
Zin
The Shining One
Beogh
Jiyva
Lugonu

Shops:
D ?[}[[


Innate Abilities, Weirdness & Mutations

You reflexively headbutt those who attack you in melee.
You have a pair of horns on your head.
Armour fits poorly on your strangely shaped body.


Message History

The balrug is engulfed in freezing vapours.
Saeh is engulfed in freezing vapours.
The shadow demon is engulfed in freezing vapours.
The shadow demon gestures.
Send 'em back where they came from!
Your elder oxfire beast shudders.
Your elder weirdsting beast shudders.
Ytausaj is engulfed in freezing vapours.
Pexixkar is engulfed in freezing vapours.
The demonic crawler is engulfed in blazing flames.
You block the demonic crawler's attack.
PTOANNNG!
You block the demonic crawler's attack.
SHROANNG!
The demonic crawler hits you but does no damage.
Ubraokh pecks you but does no damage.
Zutis is engulfed in freezing vapours.
Vuopubilu gestures at you. The lance of force hits you!!!!
Ouch! That really hurt!
You die...
Your body crumbles into a pile of gold.

▓.....)..
.§§§2§§§§§§§§..▓........
.§§§§§§○°2§§§..▓.....)..
.§§§°&&2○§&§§..▓........
.§..§.§○1§6§...▓.....)).
.....4○&&☼☼....▓..▓.....
.....6&&&&☼....▓.▓▓▓....
.....○&&s§.....▓..▓.....
..&..○H@H......▓........
.&.▓.......▓...▓......©.
. ▓.▓.§☼☼.▓.▓ .▓▓▓▓▓▓▓▓▓
...▓..☼&H..▓...▓.....8©8
......§☼°......▓.)})))}[
......○☼☼......▓..|[|)).
▓▓▓▓▓▓▓▓▓▓▓▓▓▓▓▓.......=
▓..)..... ▓........


You could see Dusuqus (clouds), Inguecep, Kiuru, Meboc, Pexixkar, Quseaweo
(clouds), Saeh, Ubraokh (clouds), Vittub, Vuopubilu, Yfuny, Yqaona, Ytausaj,
Zutis, an Ice Fiend, 2 demonspawn, a balrug, a green death, a demonic crawler, a
shadow demon, an orange demon and 3 friendly mutant beasts.

Vanquished Creatures
  2 pandemonium lords (D)
  An Ice Fiend (D)
  4 liches (D)
  2 shadow dragons (D)
  2 daevas (D)
  A warmonger (D)
  2 stone giants (D)
  An ophan (D)
  A vampire knight (D)
  A very ugly thing (D)
  3 yaktaur captains (D)
  17 vault guards (D)
  A hell hog (D)
  2 hell knights (D)
  5 skeletal warriors (D)
  A shadow demon (D)
  A deep elf archer (D)
  A mana viper (shapeshifter) (D)
  2 necromancers (D)
  3 wolf spiders (D)
  4 ugly things (D)
  A cyclops (D)
  A deep elf mage (D)
  An elephant (shapeshifter) (D)
  A rust devil (D)
  2 tormentors (D)
  3 yaktaurs (D)
  3 red devils (D)
  A jumping spider (D)
  7 merfolk (D)
  2 wind drakes (D)
  A snapping turtle (shapeshifter) (D)
  3 shadows (D)
  3 tarantellas (D)
  2 vampires (D)
  3 redbacks (D)
  A fire elemental (D)
  A human (shapeshifter) (D)
  2 neqoxecs (D)
  A swamp worm (shapeshifter) (D)
  A hell hound (D)
  5 orc warriors (D)
  A necrophage (D)
  3 phantoms (D)
  A bullfrog (D)
  4 scorpions (D)
  3 wights (D)
  2 orc priests (D)
  2 iron imps (D)
  An iguana (D)
  4 orc wizards (D)
  A river rat (D)
  5 adder skeletons (D)
  An adder zombie (D)
  4 orcs (D)
  2 bat skeletons (D)
  6 bat zombies (D)
  A jackal (D)
  2 ball python zombies (D)
  2 giant cockroach zombies (D)
  A quokka skeleton (D)
148 creatures vanquished.

Vanquished Creatures (collateral kills)
  A pandemonium lord (D)
  A deep elf blademaster (D)
  A deep elf master archer (D)
  2 daevas (D)
  A corrupter (D)
  A stone giant (D)
  A deep elf annihilator (D)
  An apis (D)
  A deep elf high priest (D)
  4 vault guards (D)
  A sun demon (D)
  A deep elf mage (D)
  A deep elf archer (D)
  An orange demon (D)
  A hellion (D)
  2 smoke demons (D)
  A hellwing (D)
  A shadow (D)
  A ynoxinul (D)
  A neqoxec (D)
  A chaos spawn (D)
  A leopard gecko skeleton (D)
27 creatures vanquished.

Vanquished Creatures (others)
  2 deep elf blademasters (D)
  A deep elf high priest (D)
  A deep elf knight (D)
  A bat skeleton (D)
  A bat zombie (D)
6 creatures vanquished.

Grand Total: 181 creatures vanquished

Notes
Turn   | Place    | Note
-------+----------+-------------------------------------------
     0 | D        | olmar the Minotaur Fighter began the quest for the Orb.
     0 | D        | Reached XP level 1. HP: 19/19 MP: 0/0
     0 | D        | Found a shimmering blue altar of Sif Muna.
     0 | D        | Found a sacrificial altar of Ru.
     0 | D        | Found a bloodstained altar of Trog.
     0 | D        | Found a stormy altar of Qazlal.
     0 | D        | Found an iron altar of Okawaru.
     0 | D        | Found a sparkling altar of Nemelex Xobeh.
     0 | D        | Found a blossoming altar of Fedhas.
     1 | D        | Found the +6 Majin-Bo {vamp, MP+6 Int+6}
     1 | D        | Found the +9 heavy crossbow "Sniper" {vorpal, Acc+∞ SInv}
     1 | D        | Found the +10 dark maul {vorpal}
     1 | D        | Found the +15 Maxwell's patent armour {-Cast -Tele rElec
                  | MR+ rCorr}
     1 | D        | Found the +18 shield of the Gong {rElec rN+ MR+ EV-5}
     1 | D        | Found the cursed +14 obsidian axe {vorpal, +Fly SInv
                  | *Curse}
     1 | D        | Found the +7 great mace "Firestarter" {inner flame, rF++}
     1 | D        | Found the +6 shillelagh "Devastator" {shatter}
     1 | D        | Found the +11 plutonium sword {*Contam Stlth-}
     1 | D        | Found the +8 lance "Wyrmbane" {slay drac, rPois rF+ rC+
                  | AC+3}
     1 | D        | Found the +9 sword of Zonguldrok {reap}
     1 | D        | Found the cursed +13 scythe of Curses {drain, *Curse}
     1 | D        | Found the +0 sword of Power
     1 | D        | Found the +7 mace of Variability {chain chaos}
     1 | D        | Found the +7 Singing Sword {vorpal, sonic wave}
     1 | D        | Found the +8 storm bow {elec, penet}
     2 | D        | Found a transporter.
     2 | D        | Found an ancient bone altar of Kikubaaqudgha.
     2 | D        | Found a viscous altar of Jiyva.
     2 | D        | Found a corrupted altar of Lugonu.
     2 | D        | Found a hazy altar of Hepliaklqana.
     2 | D        | Found a burning altar of Makhleb.
     2 | D        | Found an opulent altar of Gozag.
     2 | D        | Banished a spatial maelstrom
    52 | D        | Became a worshipper of Gozag Ym Sagoz the Greedy
    59 | D        | Entered arena 2.
    59 | D        | Noticed a deep elf archer
    59 | D        | Noticed a deep elf mage
    59 | D        | Found a transporter.
    62 | D        | Noticed an ice beast
    63 | D        | Noticed an ice beast
    63 | D        | Killed a deep elf archer
    63 | D        | Reached skill level 10 in Fighting
    63 | D        | Reached skill level 5 in Polearms
    63 | D        | Reached skill level 10 in Armour
    63 | D        | Reached skill level 10 in Shields
    63 | D        | Reached XP level 2. HP: 38/38 MP: 1/1
    63 | D        | Reached XP level 3. HP: 45/45 MP: 2/2
    63 | D        | Reached XP level 4. HP: 51/51 MP: 3/3
    63 | D        | Reached XP level 5. HP: 58/58 MP: 4/4
    63 | D        | Reached XP level 6. HP: 66/66 MP: 5/5
    64 | D        | Killed a deep elf mage
    64 | D        | Reached skill level 11 in Shields
    64 | D        | Reached skill level 1 in Evocations
    64 | D        | Reached XP level 7. HP: 74/74 MP: 6/6
    73 | D        | Entered arena 3.
    73 | D        | Noticed a merfolk
    73 | D        | Noticed a merfolk
    73 | D        | Noticed a merfolk
    73 | D        | Found a transporter.
    74 | D        | Found the +7 Kryia's mail coat {PotionHeal*2 rC+}
    77 | D        | Killed a merfolk
    77 | D        | Reached skill level 12 in Shields
    77 | D        | Reached XP level 8. HP: 83/83 MP: 7/7
    79 | D        | Killed a merfolk
    79 | D        | Killed a merfolk
    79 | D        | Reached skill level 13 in Shields
    90 | D        | Entered arena 4.
    90 | D        | Found a transporter.
   109 | D        | Entered arena 5.
   109 | D        | Found a transporter.
   129 | D        | Entered arena 6.
   129 | D        | Found a transporter.
   130 | D        | Found the amulet of the Four Winds {rN+ MR+++ Clar}
   158 | D        | Got the ring of Lies {EV+4 Dex+9}
   167 | D        | Entered arena 7.
   168 | D        | Found the +12 glaive of Prune {vorpal}
   168 | D        | Identified the +2 trident of Cybrecw {vamp, Str-2 Int+8
                  | SInv}
   168 | D        | Found a transporter.
   171 | D        | Reached XP level 9. HP: 92/92 MP: 8/8
   173 | D        | Reached skill level 14 in Shields
   190 | D        | Entered arena 8.
   190 | D        | Noticed a wolf spider
   191 | D        | Found a transporter.
   196 | D        | Killed a wolf spider
   196 | D        | Reached skill level 15 in Shields
   196 | D        | Reached skill level 5 in Evocations
   287 | D        | Entered arena 9.
   287 | D        | Noticed a cyclops
   287 | D        | Noticed a merfolk
   287 | D        | Noticed a wind drake
   287 | D        | Noticed a merfolk
   287 | D        | Noticed a merfolk
   287 | D        | Noticed a wind drake
   287 | D        | Noticed a merfolk
   288 | D        | Found a transporter.
   292 | D        | Killed a wind drake
   292 | D        | Killed a cyclops
   292 | D        | Reached skill level 1 in Dodging
   293 | D        | Killed a merfolk
   293 | D        | Killed a merfolk
   293 | D        | Reached XP level 10. HP: 58/103 MP: 9/9
   294 | D        | Reached skill level 10 in Polearms
   301 | D        | Reached skill level 16 in Shields
   350 | D        | Entered arena 10.
   350 | D        | Noticed a wolf spider
   350 | D        | Noticed a wolf spider
   351 | D        | Found the +8 Wrath of Trog {antimagic, *Rage}
   351 | D        | Found a transporter.
   355 | D        | Killed a wolf spider
   356 | D        | Killed a wolf spider
   362 | D        | Reached skill level 17 in Shields
   417 | D        | Entered arena 11.
   418 | D        | Found the +0 pair of fencer's gloves {Riposte Dex+3}
   418 | D        | Found a transporter.
   452 | D        | Entered arena 12.
   452 | D        | Noticed a rust devil
   452 | D        | Noticed a hell hog
   453 | D        | Found the +5 demon whip "Spellbinder" {antimagic, MR+}
   456 | D        | Killed a hell hog
   469 | D        | Reached XP level 11. HP: 36/111 MP: 10/10
   493 | D        | Found a transporter.
   522 | D        | Entered arena 13.
   522 | D        | Noticed a deep elf archer
   522 | D        | Noticed a deep elf high priest
   522 | D        | Noticed a deep elf master archer
   522 | D        | Noticed a deep elf high priest
   522 | D        | Noticed a deep elf mage
   522 | D        | Noticed a deep elf blademaster
   523 | D        | Noticed a deep elf blademaster
   523 | D        | Noticed a deep elf blademaster
   524 | D        | Identified the ring "Norgh" {Wiz +Fly rPois MP-9 Int+8}
   524 | D        | Noticed a deep elf annihilator
   525 | D        | Noticed a deep elf knight
   528 | D        | Killed a deep elf mage
   530 | D        | Killed a deep elf high priest
   530 | D        | Reached skill level 18 in Shields
   531 | D        | Killed a deep elf blademaster
   531 | D        | Reached skill level 10 in Evocations
   534 | D        | Killed a deep elf blademaster
   536 | D        | Killed a deep elf high priest
   537 | D        | Killed a deep elf archer
   541 | D        | Killed a deep elf blademaster
   541 | D        | Reached skill level 1 in Stealth
   541 | D        | Reached skill level 19 in Shields
   543 | D        | Found a transporter.
   545 | D        | Killed a deep elf knight
   546 | D        | Killed a deep elf annihilator
   554 | D        | Killed a deep elf master archer
   554 | D        | Reached skill level 15 in Fighting
   554 | D        | Reached skill level 20 in Shields
   580 | D        | Bought a pair of smoking boots for 323 gold pieces
   580 | D        | Bought a glowing cloak for 255 gold pieces
   585 | D        | Identified the +0 pair of boots "Ymekiy" {Str+3 Slay+3}
                  | (You bought it in a shop in the Dungeon)
   610 | D        | Entered arena 14.
   642 | D        | Noticed a red very ugly thing
   642 | D        | Noticed a mana viper
   642 | D        | Noticed a purple ugly thing
   642 | D        | Noticed a cyan ugly thing
   642 | D        | Noticed a brown ugly thing
   642 | D        | Noticed a green ugly thing
   643 | D        | Noticed a lindwurm
   643 | D        | a lindwurm changed into an elephant
   644 | D        | Killed a mana viper
   644 | D        | Reached skill level 15 in Armour
   644 | D        | Noticed a glowing shapeshifter
   644 | D        | a torpor snail changed into a glowing shapeshifter
   644 | D        | Noticed a sea snake
   644 | D        | a glowing shapeshifter changed into a sea snake
   645 | D        | Killed a red very ugly thing
   645 | D        | Reached XP level 12. HP: 95/121 MP: 11/11
   646 | D        | Reached skill level 21 in Shields
   647 | D        | Reached skill level 5 in Stealth
   650 | D        | Found a transporter.
   692 | D        | Entered arena 15.
   693 | D        | Noticed a vault guard
   693 | D        | Noticed a vault guard
   693 | D        | Noticed a lich
   693 | D        | Noticed a vault guard
   693 | D        | Noticed a stone giant
   693 | D        | Noticed a stone giant
   693 | D        | Noticed a vault guard
   693 | D        | Noticed a vault guard
   694 | D        | Identified the +4 broad axe of Lorar {flame, rPois}
   694 | D        | Noticed a vault guard
   694 | D        | Noticed a vault guard
   694 | D        | Noticed a lich
   694 | D        | Noticed a vault guard
   708 | D        | Noticed an Ice Fiend
   708 | D        | Killed a lich
   710 | D        | Killed a vault guard
   710 | D        | Killed a vault guard
   710 | D        | Killed a vault guard
   711 | D        | Killed a lich
   711 | D        | Reached skill level 22 in Shields
   713 | D        | Killed a vault guard
   716 | D        | Killed a vault guard
   716 | D        | Killed a vault guard
   717 | D        | Killed a stone giant
   717 | D        | Reached XP level 13. HP: 95/128 MP: 12/12
   719 | D        | Reached skill level 23 in Shields
   721 | D        | Killed a stone giant
   731 | D        | Found a transporter.
   796 | D        | Entered arena 16.
   799 | D        | Reached XP level 14. HP: 128/137 MP: 13/13
   800 | D        | Noticed an ophan
   800 | D        | Noticed a daeva
   800 | D        | Noticed a daeva
   801 | D        | Noticed a daeva
   801 | D        | Noticed a daeva
   801 | D        | Noticed an apis
   802 | D        | Found a transporter.
   811 | D        | Killed an ophan
   814 | D        | Killed an apis
   819 | D        | Killed a daeva
   823 | D        | Killed a daeva
   828 | D        | Killed a daeva
   831 | D        | Killed a daeva
   831 | D        | Reached skill level 24 in Shields
  1050 | D        | Entered arena 17.
  1055 | D        | Noticed Inymos the pandemonium lord
  1055 | D        | Noticed a gelid warmonger
  1055 | D        | Noticed Vocsow the pandemonium lord
  1056 | D        | Noticed Kurabofu the pandemonium lord
  1056 | D        | Gained mutation: Armour fits poorly on your strangely
                  | shaped body. [a neqoxec]
  1058 | D        | Noticed an Ice Fiend
  1070 | D        | Killed Vocsow the pandemonium lord
  1070 | D        | Reached skill level 25 in Shields
  1086 | D        | Killed Kurabofu the pandemonium lord
  1086 | D        | Reached skill level 26 in Shields
  1086 | D        | Reached skill level 15 in Evocations
  1088 | D        | Noticed an azure jelly
  1088 | D        | Noticed an azure jelly
  1088 | D        | Noticed an acid blob
  1095 | D        | Killed a gelid warmonger
  1105 | D        | Killed an Ice Fiend
  1120 | D        | Found a transporter.
  1121 | D        | Killed Inymos the pandemonium lord
  1339 | D        | Bought a wand of iceblast (5) for 108 gold pieces
  1339 | D        | Bought a wand of acid (5) for 216 gold pieces
  1339 | D        | Bought a phantom mirror for 360 gold pieces
  1340 | D        | Entered arena 18.
  1351 | D        | Reached skill level 27 in Shields
  1351 | D        | Reached XP level 15. HP: 129/147 MP: 14/14
  1368 | D        | Found a transporter.
  1410 | D        | Entered arena 19.
  1413 | D        | Noticed a lich
  1414 | D        | Found the +3 robe of Folly {Archmagi, MR-- Int+5}
  1414 | D        | Identified the +3 plate armour of the New World {Dex+3}
  1417 | D        | Killed a lich
  1455 | D        | Found a transporter.
  1497 | D        | Entered arena 20.
  1502 | D        | Bought a scroll of identify for 32 gold pieces
  1502 | D        | Bought a scroll of enchant armour for 120 gold pieces
  1502 | D        | Bought a scroll of silence for 120 gold pieces
  1502 | D        | Bought a scroll of blinking for 120 gold pieces
  1502 | D        | Bought a scroll of identify for 32 gold pieces
  1502 | D        | Bought 2 scrolls of summoning for 304 gold pieces
  1505 | D        | Noticed a shadow dragon
  1505 | D        | Noticed a shadow dragon
  1506 | D        | Noticed a lich
  1506 | D        | Identified the +5 flail of Qaicith {vorpal, rN+ Int+3}
  1507 | D        | Found a transporter.
  1511 | D        | Reached skill level 15 in Polearms
  1514 | D        | Reached skill level 5 in Dodging
  1525 | D        | Killed a lich
  1528 | D        | Killed a shadow dragon
  1539 | D        | Killed a shadow dragon
  1599 | D        | Got the ring "Xunup" {rC+ Str+2 SInv Stlth-}
  1619 | D        | Entered arena 21.
  1623 | D        | Noticed an Ice Fiend
  1623 | D        | Noticed Zutis the pandemonium lord
  1623 | D        | Noticed Quseaweo the pandemonium lord
  1623 | D        | Noticed Vuopubilu the pandemonium lord
  1623 | D        | Noticed Ubraokh the pandemonium lord
  1623 | D        | Noticed Yfuny the pandemonium lord
  1624 | D        | Noticed Dusuqus the pandemonium lord
  1624 | D        | Noticed Inguecep the pandemonium lord
  1624 | D        | Noticed Pexixkar the pandemonium lord
  1624 | D        | Noticed Meboc the pandemonium lord
  1624 | D        | Noticed Vittub the pandemonium lord
  1624 | D        | Noticed Yqaona the pandemonium lord
  1625 | D        | Noticed Kiuru the pandemonium lord
  1625 | D        | Noticed Saeh the pandemonium lord
  1627 | D        | Noticed Ytausaj the pandemonium lord
  1628 | D        | Killed from afar by Vuopubilu the pandemonium lord

Illustrated notes

Levels and vault maps discovered:
D:        sprint_v [room_start, room_1, room_2, room_3, room_4, room_5, room_6,
          room_7, room_8, room_9, room_10, room_11, room_12, room_13, room_14,
          room_15, room_16, room_17, room_18, room_19, room_20, room_21,
          room_22, room_23, room_24, room_25, room_26, room_27]

Skill      XL: |  1  2  3  4  5  6  7  8  9 10 11 12 13 14 15 |
---------------+----------------------------------------------+-----
Fighting       | 10 11 12 14 15 16 17 19 | 19.5
Polearms       | 5 6 7 9 11 12 13 14 15 | 15.3
Armour         | 10 11 12 13 15 16 17 19 | 19.6
Shields        | 10 11 12 13 15 17 20 22 23 27 | 27.0
Evocations     | 1 3 6 9 11 13 16 20 | 20.2
Dodging        | 1 3 5 |  5.5
Stealth        | 4 7 |  7.8

Action                   |  1- 3 |  4- 6 |  7- 9 | 10-12 | 13-15 || total
-------------------------+-------+-------+-------+-------+-------++-------
Melee: Lance             |       |     1 |    35 |    62 |    89 ||   187
       Headbutt          |       |       |     6 |    16 |    27 ||    49
Invok: Call Merchant     |       |       |       |     1 |     4 ||     5
       Potion Petition   |       |       |       |       |     2 ||     2
Evoke: Lightning rod     |     2 |     1 |    22 |    26 |     7 ||    58
       Wand              |       |       |       |     2 |       ||     2
       Box of beasts     |       |       |       |    10 |    27 ||    37
       Tin of tremorston |       |       |       |    11 |     9 ||    20
       Condenser vane    |       |       |       |       |     6 ||     6
  Use: Potion            |     1 |       |       |     8 |    18 ||    27
       Scroll            |       |       |       |       |     1 ||     1
 Stab: Invisible         |       |       |       |     4 |       ||     4
       Distracted        |       |       |       |       |     4 ||     4
Armor: Plate armour      |     1 |       |    10 |    68 |    56 ||   135
Dodge: Dodged            |       |       |     5 |    21 |    12 ||    38
Block: Kite shield       |     3 |       |    47 |   160 |   158 ||   368
       Rpst.: Lance      |       |       |       |     2 |     1 ||     3

Table legend: (Time is in decaauts)
 A = Elapsed time spent in this place.
 B = Non-inter-level travel time spent in this place.
 C = Inter-level travel time spent in this place.
 D = Time resting spent in this place.
 E = Time spent auto-exploring this place.
 F = Levels seen in this place.
 G = Mean time per level.
                   A        B        C        D        E       F      G
               +--------+--------+--------+--------+--------+-----+--------+
         Total |   1504 |   1489 |     15 |    470 |    200 |   1 | 1504.0 |
       Dungeon |   1504 |   1489 |     15 |    470 |    200 |   1 | 1504.0 |
               +--------+--------+--------+--------+--------+-----+--------+

Top non-repeatable levels by time:
       D: 1504 daAuts
